AoeStats
← randomciv

MegaRandom

504141171Analyzed
1v1 RM · 28d ago on Sep 4, 2026· 24m 48s· 2 players
Game mode
Random Map
Map size
Tiny (2 player)
Population
200
Speed
Normal
Resources
Standard
Victory
Conquest
Starting age
Dark Age
Ending age
Imperial Age
RankedLock teamsTeams togetherTeam positionsShared explorationLock speedFull tech treeHidden civsTurbo modeCheats
Victory
Defeat
🇲🇽 Sicilians · Mexico
1749
+23
🇦🇷 Byzantines · Argentina
1918
-23
Ivannovich
6:36 Loom
8:53 Feudal Age
9:23 Double-Bit Axe
15:17 Fletching
16:49 Padded Archer Armor
22:20 Castle Age
21:26 Scale Barding Armor
21:44 Forging
22:10 Bloodlines
23:46 Horse Collar
randomciv
6:41 Loom
9:25 Feudal Age
10:35 Double-Bit Axe
16:45 Fletching
18:08 Wheelbarrow
22:20 Castle Age
21:18 Padded Archer Armor
24:02 Bow Saw
Connection lost

Rejoining the realm…

Still unreachable

The connection could not be restored.

Session expired

The server has moved on; the page needs a fresh start.